 Dungeon Crawl Stone Soup version 0.29.1-1-gd02db6906a (webtiles) character file.

Game seed: 16598356888469953136

65 lonewolfV2 the Conjurer (level 3, -1/14 HPs)
             Began as a Felid Conjurer on Oct 17, 2022.
             Slain by Natasha (7 damage)
             ... on level 2 of the Dungeon.
             The game lasted 00:03:40 (1782 turns).

lonewolfV2 the Conjurer (Felid Conjurer)            Turns: 1782, Time: 00:03:40

Health: -1/14      AC:  1    Str:  3    XL:     3   Next: 92%
Magic:  4/7        EV: 18    Int: 21    God:
Gold:   19         SH:  0    Dex: 14    Spells: 4/7 levels left
                                        Lives:  0   Deaths: 0

rFire   . . .      SeeInvis +   (weapon unavailable)
rCold   . . .      Faith    .   (shield unavailable)
rNeg    . . .      Spirit   .   (body armour unavailable)
rPois   .          Reflect  .   (helmet unavailable)
rElec   .          Harm     .   (cloak unavailable)
rCorr   .          Rampage  .   (gloves unavailable)
Will    .....                   (boots unavailable)
Stlth   ++........              b - amulet of magic regeneration
HPRegen 0.04/turn               (no ring)
MPRegen 0.50/turn               (no ring)

@: quick
A: very small, claws 1, fangs 3, see invisible, speed 1, shaggy fur 1, stealthy
paws, no weapons or thrown items, no armour, multi-lived
a: no special abilities


You were on level 2 of the Dungeon.
You visited 1 branch of the dungeon, and saw 2 of its levels.

You collected 19 gold pieces.

Inventory:

Jewellery
 b - an amulet of magic regeneration (around neck)
Scrolls
 d - a scroll of teleportation {unknown}
Potions
 a - a potion of magic
 c - a potion of curing
 g - 2 potions of heal wounds {unknown}


   Skills:
 + Level 3.6 Dodging
 + Level 3.8 Stealth
 + Level 2.5 Spellcasting
 + Level 4.0 Conjurations


You had 4 spell levels left.
You knew the following spells:

 Your Spells              Type           Power      Damage    Failure   Level
a - Magic Dart            Conj           76%        1d6       2%          1
b - Searing Ray           Conj           38%        2d5       4%          2

Your spell library contained the following spells:

 Spells                   Type           Power      Damage    Failure   Level
 Freeze                   Ice            8%         1d3       14%         1
 Dazzling Flash           Conj/Hex       22%        N/A       19%         3
 Fulminant Prism          Conj/Hex       5%         3d7       52%         4
 Iskenderun's Mystic Bla  Conj/Tloc      11%        2d4       52%         4


Dungeon Overview and Level Annotations

Branches:
Dungeon (2/15)

Altars:

Annotations:
D:2 Natasha


Innate Abilities, Weirdness & Mutations

You have sharp claws.
You have razor-sharp teeth.
You have supernaturally acute eyesight. (SInv)
You cover ground quickly. (Speed+)
You are covered in fur. (AC +1)
Your paws help you pounce on unaware monsters.
You are incapable of wielding weapons or throwing items.
You cannot wear armour.
You gain extra lives every three experience levels.


Message History

The magic dart hits the jackal skeleton.
The jackal skeleton is heavily damaged.
Natasha, Servant of Life and Death comes into view.
Casting: Magic Dart (safe; 2% risk of failure)
Confirm with . or Enter, or press ? or * to list all spells.
Aiming: Magic Dart (safe; 2% risk of failure)
Press: ? - help, Shift-Dir - straight line, f - Natasha
Aim: Natasha (black smoke, wandering, hasn't noticed you, 100% to hit)
The magic dart hits Natasha.
Natasha is lightly wounded.
Natasha hisses angrily.
Casting: Magic Dart (safe; 2% risk of failure)
Confirm with . or Enter, or press ? or * to list all spells.
Aiming: Magic Dart (safe; 2% risk of failure)
Press: ? - help, Shift-Dir - straight line, f - jackal skeleton
Aim: a jackal skeleton (heavily damaged, 100% to hit)
The magic dart hits the jackal skeleton.
You destroy the jackal skeleton!
Casting: Magic Dart (safe; 2% risk of failure)
Confirm with . or Enter, or press ? or * to list all spells.
You can't see any susceptible monsters within range! (Use Z to cast anyway.) Unknown command.
Found 7 stones.
Natasha is nearby!
Casting: Magic Dart (safe; 2% risk of failure)
Confirm with . or Enter, or press ? or * to list all spells.
Aiming: Searing Ray (safe; 4% risk of failure)
Press: ? - help, Shift-Dir - straight line, f - Natasha
Aim: Natasha (black smoke, 72% to hit)
The searing ray hits Natasha.
Natasha is heavily wounded. (Press . to maintain the ray.) Natasha stares at you and mumbles some strange words.
The magic dart hits you!
Ouch! That really hurt!
The searing ray hits Natasha!
Natasha is almost dead.
Natasha claws you!
Ouch! That really hurt!
You die...

****** *.§,,* ###
*.§§P#####
..########8.§§§h@.#
.............(.##.#
............##**#.#
............# #.#
............#####.###
....................#
#)..................#
....................#
#...................#


You could see Natasha.

Vanquished Creatures
  An adder (D:2)
  An adder skeleton (D:2)
  2 adder zombies (D:2)
  2 worms (D:2)
  An orc (D:2)
  3 bats (D:1)
  A bat skeleton (D:2)
  2 bat zombies (D:2)
  5 endoplasms
  3 giant cockroaches (D:1)
  5 hobgoblins
  3 ball pythons
  2 ball python skeletons (D:2)
  A ball python zombie (D:2)
  2 frilled lizards (D:1)
  2 goblins (D:1)
  2 jackal skeletons (D:2)
  3 rats
41 creatures vanquished.

Vanquished Creatures (others)
  3 withered plants (D:2)
3 creatures vanquished.

Grand Total: 44 creatures vanquished

Notes
Turn   | Place    | Note
-------+----------+-------------------------------------------
     0 | D:1      | lonewolfV2 the Felid Conjurer began the quest for the Orb.
     0 | D:1      | Reached XP level 1. HP: 7/7 MP: 4/4
   104 | D:1      | Reached XP level 2. HP: 8/11 MP: 1/6
   700 | D:1      | Found a faded altar of an unknown god.
   708 | D:1      | Got Plato's Dissertation on Graupel
  1079 | D:2      | Reached XP level 3. HP: 6/14 MP: 3/7
  1082 | D:2      | Learned a level 2 spell: Searing Ray
  1590 | D:2      | Reached skill level 4 in Conjurations
  1776 | D:2      | Noticed Natasha
  1782 | D:2      | Slain by Natasha

Illustrated notes

Levels and vault maps discovered:
D:1:      lemuel_arrival_lava_pool, layout_loops_ring,
          shapermc_ecumenical_altar_rom_forum
D:2:      layout_basic, basic_altar, serial_undead, serial_undead_f,
          serial_undead_f, serial_undead_e, serial_undead_c, serial_undead_c,
          serial_undead_a, serial_undead_e, serial_undead_b, uniq_natasha

Skill      XL: |  1  2  3 |
---------------+----------+-----
Stealth        | 3 |  3.8
Dodging        | 3 |  3.6
Conjurations   | 4 |  4.0
Spellcasting   | |  2.5

Action                   || total
-------------------------++-------
Melee: Unarmed           ||     7
       Bite              ||     1
 Cast: Magic Dart        ||    94
       Searing Ray       ||     6
  Use: Scroll            ||     4
Armor: Skin              ||     1
Dodge: Dodged            ||    53
